 Dungeon Crawl Stone Soup version 0.18-a0-1435-gee79d65 (webtiles) character file.

533 namelastname112 the Martial Artist (level 7, 57/57 HPs)
             Began as a Mottled Draconian Monk on Feb 28, 2016.
             Quit the game on level 4 of the Dungeon.
             The game lasted 00:04:14 (3456 turns).

namelastname112 the Martial Artist (DrMo)           Turns: 3456, Time: 00:04:14

Health: 57/57      AC:  7    Str: 13    XL:     7   Next: 4%
Magic:  7/7        EV: 13    Int: 10    God:
Gold:   129        SH:  0    Dex: 16    Spells: 0 memorised, 6 levels left

rFire  . . .     SeeInvis .       - Unarmed
rCold  . . .     Gourm    .     (armour unavailable)
rNeg   . . .     Faith    .     (no shield)
rPois  .         Spirit   .     (helmet restricted)
rElec  .         Dismiss  .     i - +0 cloak
rCorr  .         Reflect  .     (no gloves)
SustAt .         Harm     .     (no boots)
MR     .....                    (no amulet)
Stlth  ++........               (no ring)
                                (no ring)

@: not resistant to hostile enchantments, unstealthy
A: breathe sticky flame splash, unfitting armour, cold-blooded, AC +6
a: Breathe Sticky Flame


You were on level 4 of the Dungeon.
You were very hungry.

You visited 1 branch of the dungeon, and saw 4 of its levels.

You collected 129 gold pieces.

Inventory:

Armour
 c - a +0 buckler
 i - a +0 cloak (worn)
Wands
 n - a wand of slowing (14/48)
Scrolls
 e - 2 scrolls of remove curse {unknown}
 g - 3 scrolls of magic mapping {unknown}
 h - 3 scrolls of teleportation {unknown}
 l - 3 scrolls of identify {unknown}
 m - a scroll of enchant armour {unknown}
 t - a scroll of immolation {unknown}
 v - a scroll of amnesia {unknown}
 w - a scroll of fog {unknown}
 x - a scroll of enchant weapon {unknown}
Potions
 b - 2 potions of beneficial mutation {unknown}
 j - a potion of flight {unknown}
 k - 2 potions of brilliance {unknown}
 o - 3 potions of lignification {unknown}
 q - a potion of mutation {unknown}
 s - a potion of cancellation {unknown}
 u - a potion of invisibility {unknown}
Comestibles
 a - 7 bread rations
 d - 2 beef jerkies
 f - a meat ration
 p - 5 fruits
 r - 2 slices of pizza


   Skills:
 - Level 3.2 Fighting
 - Level 2.6 Dodging
 - Level 1.7 Stealth
 + Level 8.5 Unarmed Combat


You had 6 spell levels left.
You didn't know any spells.

Dungeon Overview and Level Annotations

Branches:
Dungeon (4/15)
 Temple: D:4-7

Altars:
Dithmenos
Gozag
Ru
Xom


Innate Abilities, Weirdness & Mutations

You can spit globs of burning liquid.
You can ignite nearby creatures when you spit burning liquid.
Your weird mottled scales are hard (AC +6).
Your body does not fit into most forms of armour.
You are cold-blooded and may be slowed by cold attacks.


Message History

A worker ant comes into view.
A worker ant is nearby!
The helpless worker ant fails to defend itself.
You hit the worker ant.
The worker ant is lightly wounded.
The worker ant barely misses you.
You punch the worker ant! You tail-slap the worker ant.
The worker ant is severely wounded.
The worker ant waves its antennae.
The worker ant barely misses you.
You hit the worker ant but do no damage.
The worker ant is severely wounded.
The worker ant closely misses you.
You hit the worker ant.
You kill the worker ant!
You have reached level 7!
Your scales start taking on a weird mottled colour.
You learn Fire Magic quicker.
You can spit globs of burning liquid.
You can ignite nearby creatures when you spit burning liquid.
Are you sure you want to abandon this character and quit the game? (Confirm with "yes".)

# ## ####
##)
##..##
##.#
##..@.#
##..#
##..##..#
#..##
###..##
#....
##.##
##...##
...##
#..#
#...##
..# ##..#
##..##
...#
#...##
##..##
#..#
##...##
#..## #.#
#####..#
#..##
#....#..


There were no monsters in sight!

Vanquished Creatures
  Edmund (D:4)
  2 scorpions (D:4)
  An orc priest (D:3)
  A hound (D:4)
  Natasha (D:4)
  An iguana (D:4)
  2 orc wizards (D:3)
  A worker ant (D:4)
  A hound skeleton (D:4)
  3 adders
  An adder skeleton (D:4)
  2 worms
  3 giant geckos
  11 orcs
  7 bats
  7 giant cockroaches
  6 goblins
  7 hobgoblins
  5 jackals
  A quokka (D:2)
  12 giant newts
  12 kobolds
  6 rats
94 creatures vanquished.

Notes
Turn   | Place    | Note
--------------------------------------------------------------
     0 | D:1      | namelastname112 the Draconian Monk began the quest for the Orb.
     0 | D:1      | Reached XP level 1. HP: 19/19 MP: 1/1
    30 | D:1      | Reached XP level 2. HP: 20/26 MP: 2/2
   295 | D:1      | You fall through a shaft!
   295 | D:2      | Found an opulent altar of Gozag.
   295 | D:2      | Found a shadowy altar of Dithmenos.
   505 | D:2      | Reached skill level 5 in Unarmed Combat
   536 | D:2      | Reached XP level 3. HP: 31/31 MP: 3/3
  1680 | D:2      | Reached XP level 4. HP: 38/38 MP: 4/4
  1829 | D:2      | Found a shimmering altar of Xom.
  2018 | D:3      | Found a sacrificial altar of Ru.
  2104 | D:3      | Reached skill level 6 in Unarmed Combat
  2108 | D:3      | Reached XP level 5. HP: 16/45 MP: 5/5
  2871 | D:4      | Reached skill level 7 in Unarmed Combat
  3100 | D:4      | Reached XP level 6. HP: 43/51 MP: 6/6
  3169 | D:4      | Noticed Edmund
  3178 | D:4      | Killed Edmund
  3195 | D:4      | Reached skill level 8 in Unarmed Combat
  3418 | D:4      | Noticed Natasha
  3427 | D:4      | Killed Natasha
  3455 | D:4      | Your scales start taking on a weird mottled colour.
  3455 | D:4      | Reached XP level 7. HP: 57/57 MP: 7/7
  3456 | D:4      | Quit the game

Vault maps used:
D:1:      minmay_arrival_diagonal_passages, minmay_lizard_king
D:2:      tgw_xom, grunt_temple_overflow_open, first_bread
D:3:      nicolae_overflow_crystal_walls
D:4:      uniq_edmund, uniq_natasha

Skill      XL: |  1  2  3  4  5  6 |
---------------+-------------------+-----
Unarmed Combat | 5 6 7 8 |  8.5
Fighting       | |  3.2
Dodging        | |  2.6
Stealth        | |  1.7

Action                   |  1- 3 |  4- 6 |  7- 9 || total
-------------------------+-------+-------+-------++-------
Melee: Unarmed           |   169 |   142 |       ||   311
Throw: Throwing net      |       |     1 |       ||     1
 Stab: Sleeping          |     2 |     8 |       ||    10
       Distracted        |     1 |       |       ||     1
       Held in net/web   |       |     1 |       ||     1
  Eat: Chunk             |     2 |     5 |       ||     7
